 Dungeon Crawl Stone Soup version 0.20.0-7-g3b7b877 (webtiles) character file.

13912 anfisbena the Cleaver (level 12, -11/110 HPs)
             Began as a Hill Orc Fighter on May 29, 2017.
             Was a Follower of Uskayaw.
             Killed from afar by a battlesphere (13 damage)
             ... created by a tengu reaver
             ... on level 10 of the Dungeon.
             The game lasted 00:13:05 (10763 turns).

anfisbena the Cleaver (Hill Orc Fighter)           Turns: 10763, Time: 00:13:06

Health: -11/110    AC: 20    Str: 20    XL:     12   Next: 11%
Magic:  12/12      EV:  5    Int: 13    God:    Uskayaw [*.....]
Gold:   222        SH: 17    Dex: 14    Spells: 11/11 levels left

rFire    . . .     SeeInvis .   a - +4 broad axe (chop)
rCold    . . .     Gourm    .   B - +0 large shield {rN+}
rNeg     + . .     Faith    .   E - +0 chain mail
rPois    .         Spirit   .   s - +2 helmet
rElec    .         Reflect  .   A - +0 cloak
rCorr    +         Harm     .   r - +1 pair of gloves
MR       .....                  H - +0 pair of boots {Stlth+}
Stlth    ..........             (no amulet)
Regen    0.3/turn               e - +3 ring of slaying
MPRegen  0.2/turn               c - ring of resist corrosion

@: brilliant
A: no striking features
a: Stomp, Renounce Religion


You were on level 10 of the Dungeon.
You worshipped Uskayaw.
Uskayaw was noncommittal.
You were not hungry.

You visited 2 branches of the dungeon, and saw 11 of its levels.

You collected 660 gold pieces.
You spent 438 gold pieces at shops.

Inventory:

Hand Weapons
 a - a +4 broad axe of chopping (weapon)
Armour
 r - a +1 pair of gloves (worn)
 s - a +2 helmet (worn)
 A - a +0 cloak (worn)
 B - a +0 large shield of positive energy (worn)
 E - a +0 chain mail (worn)
 H - a +0 pair of boots of stealth (worn)
Jewellery
 c - a ring of resist corrosion (right hand)
 e - a +3 ring of slaying (left hand)
Scrolls
 i - 4 scrolls of recharging
 j - 5 scrolls of blinking
 n - a scroll of magic mapping
 o - 4 scrolls of teleportation
 u - 4 scrolls of fear
 w - 4 scrolls of remove curse
 G - 2 scrolls of amnesia
Potions
 b - a potion of invisibility {unknown}
 d - 2 potions of might
 g - 4 potions of brilliance
 k - a potion of mutation {unknown}
 l - 3 potions of ambrosia {unknown}
 p - 5 potions of curing
 v - 4 potions of heal wounds {unknown}
 J - a potion of lignification {unknown}
 M - a potion of cancellation {unknown}
Books
 K - a Young Poisoner's Handbook

   Spells                             Type                      Level
   a - Sting                          Conjuration/Poison           1
   b - Poisonous Vapours              Poison/Air                   2
   c - Mephitic Cloud                 Conjuration/Poison/Air       3
   d - Olgreb's Toxic Radiance        Poison                       4
   e - Venom Bolt                     Conjuration/Poison           5
Comestibles
 f - 14 bread rations
 h - 4 chunks of flesh
 q - 2 royal jellies
 x - 4 meat rations
 D - 2 fruits


   Skills:
 + Level 11.4 Fighting
 * Level 14.3 Axes
 - Level 10.0 Armour
 + Level 10.6 Shields


You had 11 spell levels left.
You didn't know any spells.

Dungeon Overview and Level Annotations

Branches:
Dungeon (10/15)            Temple (1/1) D:7            Lair (0/6) D:8
    Orc: D:9-12

Altars:
Ashenzari
Cheibriados
Dithmenos
Elyvilon
Fedhas
Gozag
Hepliaklqana
Kikubaaqudgha
Makhleb
Nemelex Xobeh
Okawaru
Qazlal
Ru
Sif Muna
Trog
Uskayaw
Vehumet
Xom
Yredelemnul
Zin
The Shining One

Shops:
D:4 *((([   D:7 [


Message History

The tengu reaver is lightly wounded.
The tengu reaver gestures at you while chanting.
The bolt of lightning hits you!
* * * LOW HITPOINT WARNING * * *
The battlesphere fires!
The barrage of energy hits you!
* * * LOW HITPOINT WARNING * * *
Your shield and chain mail prevent you from hitting the tengu reaver.
The tengu reaver is lightly wounded.
You block the tengu reaver's attack. x2
The tengu reaver claws you but does no damage.
It was a potion of brilliance.
You feel clever all of a sudden. You block the tengu reaver's attack. x2
The tengu reaver claws you but does no damage.
It was a potion of curing.
You feel better.
The tengu reaver gestures at you while chanting.
The bolt of lightning hits you!
* * * LOW HITPOINT WARNING * * *
The battlesphere fires!
The barrage of energy hits you!
You die...

..........#.........#### #..#.
..........#.......###.. #..#.
.................## .. #....
................####' ##.##
................#.#. #....
......)........##H* #....
......(..).....#..# #....
.......#.......#Q.# ###..
.......#......##@)# #....
.......#......#...# #....
.......########...# #....
..........)...#...# #..#.
..............#.).# #..#.
..............##'######### #..#.
..............#..........# ...#.
..............#..........#######.
....####......#................#.


You could see a sphinx, a tengu reaver and a battlesphere.

Vanquished Creatures
  Gastronok (D:9)
  An ettin (D:10)
  3 two-headed ogres
  2 unseen horrors (D:10)
  Pikel (D:9)
  2 deep elf magi (D:10)
  Joseph (D:10)
  A gargoyle (D:10)
  Sigmund (D:2)
  A spriggan (D:7)
  5 wyverns
  5 yaks (D:9)
  A hungry ghost (D:7)
  2 vampire mosquitoes (D:8)
  2 hell hounds (D:8)
  A sky beast (D:9)
  5 orc warriors
  An ice beast (D:6)
  A black bear (D:9)
  A necrophage (D:8)
  2 phantoms
  6 ogres
  3 centaurs
  3 big kobolds
  2 bullfrogs
  A gnoll sergeant (D:8)
  A wyvern skeleton (D:10)
  2 scorpions
  14 wights
  A troll skeleton (D:8)
  3 howler monkeys (D:9)
  A crimson imp (D:5)
  A bullfrog zombie (D:10)
  3 hounds
  A quasit (D:7)
  6 human zombies (D:8)
  2 jellies
  6 orc priests
  Crazy Yiuf (D:7)
  5 orc wizards
  Jessica (D:2)
  9 worker ants
  An ogre zombie (D:8)
  2 hound skeletons
  2 mummies (D:8)
  Robin (D:2)
  17 gnolls
  A howler monkey skeleton (D:7)
  12 adders
  A shadow imp (D:9)
  An adder skeleton (D:6)
  5 worms
  3 dart slugs (D:2)
  7 leopard geckos
  23 orcs
  4 bats (D:2)
  7 giant cockroaches
  11 goblins
  9 hobgoblins
  7 jackals
  22 kobolds
  6 quokkas
  2 ball pythons (D:4)
  A frilled lizard (D:3)
  A leopard gecko skeleton (D:4)
  A quokka skeleton (D:4)
  3 rats
  A fungus (D:7)
263 creatures vanquished.

Vanquished Creatures (others)
  2 slaves (D:9)
  An orc priest (D:9)
  An orc wizard (D:9)
  An orc (D:9)
5 creatures vanquished.

Grand Total: 268 creatures vanquished

Notes
Turn   | Place    | Note
-------+----------+-------------------------------------------
     0 | D:1      | anfisbena the Hill Orc Fighter began the quest for the Orb.
     0 | D:1      | Reached XP level 1. HP: 19/19 MP: 1/1
   232 | D:1      | Reached skill level 3 in Axes
   513 | D:1      | Reached XP level 2. HP: 27/27 MP: 2/2
   998 | D:2      | Reached XP level 3. HP: 29/33 MP: 3/3
  1058 | D:2      | Noticed Sigmund
  1075 | D:2      | Killed Sigmund
  1075 | D:2      | Reached skill level 5 in Fighting
  1075 | D:2      | Reached skill level 5 in Axes
  1075 | D:2      | Reached XP level 4. HP: 6/44 MP: 4/4
  1075 | D:2      | Reached XP level 5. HP: 7/50 MP: 5/5
  1441 | D:2      | Reached skill level 6 in Axes
  1441 | D:2      | Reached XP level 6. HP: 16/57 MP: 6/6
  1867 | D:2      | Noticed Jessica
  1875 | D:2      | Killed Jessica
  2157 | D:2      | Noticed Robin
  2166 | D:2      | Killed Robin
  3036 | D:4      | Found Camedenk's Weapon Emporium.
  3057 | D:4      | Reached skill level 7 in Axes
  3059 | D:4      | Bought a +1 broad axe of chopping for 156 gold pieces
  3084 | D:4      | Noticed a phantom
  3085 | D:4      | Found Zusenoy's Assorted Antiques.
  3097 | D:4      | Killed a phantom
  3097 | D:4      | Reached XP level 7. HP: 52/66 MP: 7/7
  3172 | D:4      | Bought a red potion for 24 gold pieces
  3172 | D:4      | Bought a sedimented inky potion for 24 gold pieces
  3172 | D:4      | Bought a scroll labeled FAPNOE ISAN for 27 gold pieces
  3172 | D:4      | Bought a scroll labeled GEONTESOIR for 27 gold pieces
  3249 | D:4      | Found Jugg's Antique Weapon Shop.
  3304 | D:4      | Found a glowing silver altar of Zin.
  3436 | D:4      | Found Ronwol's Antique Armour Boutique.
  3543 | D:4      | Found Voraggeups's Weapon Shoppe.
  3685 | D:4      | Reached skill level 8 in Axes
  3778 | D:4      | Found a glowing golden altar of the Shining One.
  3822 | D:5      | Entered Level 5 of the Dungeon
  4561 | D:6      | Reached XP level 8. HP: 74/74 MP: 8/8
  4697 | D:6      | Reached skill level 9 in Axes
  5221 | D:6      | Reached skill level 10 in Axes
  5911 | D:7      | Noticed a spriggan baker
  5917 | D:7      | Killed a spriggan baker
  5917 | D:7      | Reached skill level 10 in Fighting
  5917 | D:7      | Reached XP level 9. HP: 79/85 MP: 9/9
  6135 | D:7      | Reached skill level 11 in Axes
  6218 | D:7      | Found Hozoh's Antique Armour Shoppe.
  6505 | D:7      | Found an iron altar of Okawaru.
  6523 | D:7      | Found a staircase to the Ecumenical Temple.
  6539 | Temple   | Entered the Ecumenical Temple
  7000 | D:7      | Found a runed door.
  7004 | D:7      | Noticed Crazy Yiuf
  7009 | D:7      | Killed Crazy Yiuf
  7420 | D:4      | Bought a pair of glowing boots for 180 gold pieces
  7620 | D:8      | Found a staircase to the Lair.
  7776 | D:8      | Reached skill level 12 in Axes
  8049 | D:8      | Reached skill level 5 in Armour
  8049 | D:8      | Reached skill level 5 in Shields
  8049 | D:8      | Reached XP level 10. HP: 74/95 MP: 10/10
  8268 | D:8      | Found a basalt altar of Yredelemnul.
  8634 | D:9      | Noticed Pikel
  8641 | D:9      | Killed Pikel
  8646 | D:9      | Noticed Gastronok
  8663 | D:9      | Killed Gastronok
  8663 | D:9      | Reached skill level 13 in Axes
  8663 | D:9      | Reached XP level 11. HP: 32/102 MP: 11/11
  8665 | D:9      | Noticed a two-headed ogre
  8673 | D:9      | Killed a two-headed ogre
  8674 | D:9      | Found a hide-covered altar of Uskayaw.
  8719 | D:9      | Became a worshipper of Uskayaw the Reveler
  8763 | D:9      | Reached * piety under Uskayaw
  9023 | D:9      | Reached ** piety under Uskayaw
  9024 | D:9      | Reached *** piety under Uskayaw
  9257 | D:9      | Found a shimmering altar of Xom.
  9323 | D:9      | Reached **** piety under Uskayaw
  9662 | D:10     | Entered Level 10 of the Dungeon
  9833 | D:10     | Killed an unseen horror
  9920 | D:10     | Killed an unseen horror
 10242 | D:10     | Noticed Joseph
 10256 | D:10     | Killed Joseph
 10433 | D:10     | Noticed a two-headed ogre
 10441 | D:10     | Killed a two-headed ogre
 10441 | D:10     | Reached skill level 10 in Shields
 10532 | D:10     | Noticed a deep elf mage
 10537 | D:10     | Killed a deep elf mage
 10537 | D:10     | Reached skill level 10 in Armour
 10592 | D:10     | Noticed a deep elf mage
 10596 | D:10     | Noticed an ettin
 10605 | D:10     | Killed a deep elf mage
 10609 | D:10     | Killed an ettin
 10609 | D:10     | Reached skill level 14 in Axes
 10609 | D:10     | Reached XP level 12. HP: 72/110 MP: 12/12
 10611 | D:10     | Noticed a two-headed ogre
 10616 | D:10     | Reached ***** piety under Uskayaw
 10618 | D:10     | Killed a two-headed ogre
 10754 | D:10     | Noticed a tengu reaver
 10757 | D:10     | Noticed a sphinx
 10763 | D:10     | HP: 2/110 [tengu reaver/bolt of lightning (27)]
 10763 | D:10     | Killed from afar by a battlesphere

Skill      XL: |  1  2  3  4  5  6  7  8  9 10 11 |
---------------+----------------------------------+-----
Axes           | 3 5 6 7 8 10 12 13 14 | 14.3
Fighting       | 4 5 6 7 8 10 11 | 11.4
Armour         | 5 8 10 | 10.0
Shields        | 5 8 10 | 10.6

Action                   |  1- 3 |  4- 6 |  7- 9 | 10-12 || total
-------------------------+-------+-------+-------+-------++-------
Melee: War axe           |    48 |   110 |       |       ||   158
       Broad axe         |       |     8 |   242 |   265 ||   515
  Use: Potion            |     1 |       |       |     3 ||     4
       Scroll            |       |       |       |    17 ||    17
 Stab: Paralysed         |       |       |       |    10 ||    10
  Eat: Chunk             |       |     7 |    15 |     9 ||    31
       Royal jelly       |       |       |     1 |       ||     1
Armor: Scale mail        |    20 |    37 |    28 |       ||    85
       Chain mail        |       |       |    83 |    96 ||   179
Dodge: Dodged            |    10 |    33 |    24 |    24 ||    91
Block: Shield            |    29 |    70 |    18 |       ||   117
       Large shield      |       |       |   176 |   196 ||   372
